 Dungeon Crawl Stone Soup version 0.25.1-2-g60ff931df9 (webtiles) character file.

Game seed: 14265683498937091120

318 raphialitos the Chopper (level 6, 0/55 HPs)
             Began as a Hill Orc Fighter on Oct 16, 2020.
             Succumbed to an adder's poison
             ... on level 4 of the Dungeon.
             The game lasted 00:08:32 (2998 turns).

raphialitos the Chopper (Hill Orc Fighter)          Turns: 2998, Time: 00:08:33

Health: 0/55       AC:  9    Str: 21    XL:     6   Next: 45%
Magic:  6/6        EV:  7    Int:  8    God:
Gold:   171        SH:  9    Dex: 10    Spells: 5/5 levels left

rFire    . . .     SeeInvis .   a - +0 war axe
rCold    + . .     Gourm    .   c - +0 kite shield
rNeg     . . .     Faith    .   b - +0 scale mail
rPois    .         Spirit   .   n - +1 helmet
rElec    .         Reflect  .   (no cloak)
rCorr    .         Harm     .   (no gloves)
MR       .....                  (no boots)
Stlth    ..........             (no amulet)
HPRegen  0.18/turn              q - ring of flight
MPRegen  0.10/turn              r - ring of protection from cold

@: lethally poisoned (0 -> -4)
A: no striking features
a: Evoke Flight


You were on level 4 of the Dungeon.
You were not hungry.

You visited 1 branch of the dungeon, and saw 4 of its levels.

You collected 171 gold pieces.

Inventory:

Hand Weapons
 a - a +0 war axe (weapon)
 k - a +1 vorpal hand axe
Missiles
 h - 21 sling bullets
 m - 48 bolts
 t - 21 arrows
 v - 7 poisoned darts (quivered)
Armour
 b - a +0 scale mail (worn)
 c - a +0 kite shield (worn)
 n - a +1 helmet (worn)
Jewellery
 q - a ring of flight (left hand)
 r - a ring of protection from cold (right hand)
Wands
 o - a wand of clouds (8)
Scrolls
 e - 3 scrolls of remove curse
 j - 4 scrolls of identify
 s - 2 scrolls of teleportation
Potions
 d - a potion of might
 g - a potion of flight
 i - a potion of resistance
Comestibles
 f - 5 rations
 p - 3 chunks of flesh


   Skills:
 + Level 4.8 Fighting
 + Level 6.5 Axes
 + Level 4.1 Armour
 + Level 0.3 Dodging
 + Level 4.2 Shields


You had 5 spell levels left.
You didn't know any spells.
Your spell library was empty.

Dungeon Overview and Level Annotations

Branches:
Dungeon (4/15)
 Temple: D:4-7

Altars:
Cheibriados
Elyvilon
Qazlal


Message History

You block the gnoll's attack.
Unknown command.
You feel better.
The gnoll shaman hits you with a +0 whip.
* * * LOW HITPOINT WARNING * * *
You hit the gnoll shaman.
You kill the gnoll shaman!
You hit the gnoll but do no damage. The gnoll hits you with a +0 halberd.
* * * LOW HITPOINT WARNING * * *
The adder barely misses you. The gnoll barely misses you.
Your shield prevents you from hitting the gnoll.
The gnoll is lightly wounded.
You miss the adder. The adder bites you.
* * * LOW HITPOINT WARNING * * *
You are lethally poisoned!
The adder poisons you! You block the gnoll's attack.
You slash the gnoll!
The gnoll is almost dead.
You closely miss the adder.
You die...

.................
..................).....
........................
...........##....###....
#.........#............
#.........#............
##......................
......Sg................
#@)...............
##)..[............
#................
#................
#................
#................
#....##########.. #....#
###.. ###### #....


You could see a gnoll and an adder.

Vanquished Creatures
  A hound (D:4)
  An orc priest (D:4)
  A gnoll shaman (D:4)
  An orc wizard (D:4)
  4 gnolls (D:4)
  4 adders
  4 worms
  2 dart slugs
  6 leopard geckos
  11 orcs
  A ball python (D:3)
  8 bats
  7 giant cockroaches
  9 goblins
  8 hobgoblins
  10 jackals
  9 kobolds
  A quokka (D:3)
  3 frilled lizards
  A jackal skeleton (D:4)
  A leopard gecko skeleton (D:4)
  6 rats
99 creatures vanquished.

Notes
Turn   | Place    | Note
-------+----------+-------------------------------------------
     0 | D:1      | raphialitos the Hill Orc Fighter began the quest for the
                  | Orb.
     0 | D:1      | Reached XP level 1. HP: 19/19 MP: 1/1
   166 | D:1      | Reached XP level 2. HP: 27/27 MP: 2/2
   332 | D:1      | Reached skill level 3 in Axes
   457 | D:1      | Reached XP level 3. HP: 20/33 MP: 3/3
  1293 | D:2      | Found a stormy altar of Qazlal.
  1328 | D:2      | Reached XP level 4. HP: 40/40 MP: 4/4
  1340 | D:2      | Reached skill level 4 in Axes
  2211 | D:3      | Reached XP level 5. HP: 47/47 MP: 5/5
  2563 | D:3      | Found a snail-covered altar of Cheibriados.
  2686 | D:4      | Reached skill level 5 in Axes
  2747 | D:4      | Found a white marble altar of Elyvilon.
  2762 | D:4      | Reached skill level 6 in Axes
  2762 | D:4      | Reached XP level 6. HP: 45/53 MP: 6/6
  2991 | D:4      | HP: 2/55 [gnoll/+0 halberd (13)]
  2997 | D:4      | HP: 1/55 [adder (2)]
  2998 | D:4      | Succumbed to an adder's poison

Illustrated notes

Levels and vault maps discovered:
D:1:      evilmike_arrival_fibonacci_small, layout_loops_ring
D:2:      layout_rooms, hangedman_abyss_or_decor_lesser_grid,
          nicolae_qazlal_eye_of_the_storm
D:3:      layout_basic, cheibriados_altar_1, first_ration,
          kennysheep_generic_room_7
D:4:      layout_basic, elyvilon_altar_1, minmay_misc_feat_roman

Skill      XL: |  1  2  3  4  5  6 |
---------------+-------------------+-----
Axes           | 3 4 6 |  6.5
Fighting       | 4 |  4.8
Shields        | 4 |  4.2
Armour         | 4 |  4.1
Dodging        | |  0.3

Action                   |  1- 3 |  4- 6 || total
-------------------------+-------+-------++-------
Melee: War axe           |   111 |   187 ||   298
  Use: Scroll            |     3 |     6 ||     9
       Potion            |       |     2 ||     2
  Eat: Chunk             |     2 |     5 ||     7
Armor: Scale mail        |    63 |    90 ||   153
Dodge: Dodged            |    36 |    60 ||    96
Block: Kite shield       |    75 |   115 ||   190
